 Dungeon Crawl Stone Soup version 0.30-a0-368-g86fb4627a9 (webtiles) character file.

Game seed: 15453234034525679026

41 bande the Trooper (level 3, -6/24 HPs)
             Began as a Gargoyle Fighter on Nov 20, 2022.
             Mangled by a hobgoblin
             ... wielding the +10 whip "Conservator" {vorpal, rF++ rC- Int+5}
              (13 damage)
             ... on level 2 of the Dungeon.
             The game lasted 00:01:53 (1120 turns).

bande the Trooper (Gargoyle Fighter)                Turns: 1120, Time: 00:01:53

Health: -6/24      AC: 15    Str: 19    XL:     3   Next: 52%
Magic:  3/3        EV: 13    Int:  8    God:
Gold:   124        SH:  4    Dex: 11    Spells: 2/2 levels left

rFire   . . .      SeeInvis .    a - +0 war axe (protect)
rCold   . . .      Faith    .    c - +0 buckler
rNeg    + . .      Spirit   .    b - +0 scale mail
rPois   ∞          Reflect  .    (no helmet)
rElec   +          Harm     .    h - +0 cloak
rCorr   .          Rampage  .    (no gloves)
Will    .....                    (no boots)
Stlth   ..........               (no amulet)
HPRegen 0.24/turn                k - +4 ring of protection
MPRegen 0.08/turn                j - +4 ring of evasion

@: no status effects
A: sickness immunity, AC +3, negative energy resistance 1, electricity
resistance, torment resistance 1, petrification resistance
a: no special abilities


You were on level 2 of the Dungeon.
You visited 1 branch of the dungeon, and saw 2 of its levels.

You collected 124 gold pieces.

Inventory:

Hand Weapons
 a - a +0 war axe of protection (weapon)
Armour
 b - a +0 scale mail (worn)
 c - a +0 buckler (worn)
 h - a +0 cloak (worn)
Jewellery
 j - a +4 ring of evasion (right hand)
 k - a +4 ring of protection (left hand)
Wands
 n - a wand of polymorph (15)
Scrolls
 g - 2 scrolls of brand weapon
 m - a scroll of poison {unknown}
Potions
 d - a potion of might
 e - a potion of flight {unknown}
 f - 3 potions of mutation {unknown}
 i - a potion of heal wounds {unknown}
 l - a potion of berserk rage {unknown}


   Skills:
 + Level 3.8 Fighting
 + Level 2.3 Axes
 + Level 3.6 Armour
 + Level 3.7 Shields


You had 2 spell levels left.
You didn't know any spells.
Your spell library was empty.

Dungeon Overview and Level Annotations

Branches:
Dungeon (2/15)

Altars:
Elyvilon

Annotations:
D:2 Jessica


Innate Abilities, Weirdness & Mutations

You are immune to sickness and miasma.
Your stone body is resilient. (AC +3)
You are immune to poison.
You resist negative energy. (rN+)
You are resistant to electric shocks. (rElec)
You are resistant to unholy torment.
You are immune to petrification.


Message History

The dart slug is severely wounded.
You block the dart slug's attack.
You barely miss the dart slug.
The dart slug is severely wounded.
The dart slug launches a dart at you.
The slug dart hits you but does no damage.
You hit the dart slug.
The dart slug is almost dead.
The dart slug bites you but does no damage.
You slash the dart slug!
You kill the dart slug!
No target in view!
n - a wand of polymorph (15)
There is a stone staircase leading down here.
A hobgoblin comes into view.
It is wielding the +10 whip "Conservator" {vorpal, rF++ rC- Int+5}.
The hobgoblin shouts!
Jessica the Apprentice Sorceress comes into view.
She is wielding a +0 club and wearing a +2 robe of the Archmagi.
Jessica casts a spell at you. Pain shoots through your body!
Jessica mumbles some strange words.
Jessica blinks!
The hobgoblin hits you with the +10 whip "Conservator" {vorpal, rF++ rC- Int+5}!
* * * LOW HITPOINT WARNING * * *
You are too injured to fight recklessly!
You are too injured to fight recklessly!
You are too injured to fight recklessly!
You are too injured to fight recklessly!
You are too injured to fight recklessly!
You are too injured to fight recklessly!
You are too injured to fight recklessly!
You are too injured to fight recklessly!
You are too injured to fight recklessly!
You are too injured to fight recklessly!
You are too injured to fight recklessly!
Unknown command.
The hobgoblin attacks as you move away! The hobgoblin closely misses you.
The hobgoblin attacks as you move away!
The hobgoblin hits you with the +10 whip "Conservator" {vorpal, rF++ rC- Int+5}!
Ouch! That really hurt!
You die...

#.###~~~~###......##.#
....##~....(<...>....#
#....##.#.#.......####
#....##.#.#.......#
#.......#.#.......#
#.......#.#.......#
#.......#.#.####.##
.####...#.#.####.#######
.#. ..#.#.#.....@.......
......#.# ######g######.
......#.# #........#
........# #.@......#
##....# #........# ....#
..........'.. ....#
###........### ..
#........# #........#


You could see Jessica and a hobgoblin.

Vanquished Creatures
  An adder (D:2)
  A worm (D:2)
  2 dart slugs
  2 endoplasms (D:1)
  A giant cockroach (D:2)
  A goblin (D:1)
  2 quokkas
  3 ball pythons
  3 bats
  2 frilled lizards (D:2)
  4 kobolds
  6 rats
28 creatures vanquished.

Notes
Turn   | Place    | Note
-------+----------+-------------------------------------------
     0 | D:1      | bande the Gargoyle Fighter began the quest for the Orb.
     0 | D:1      | Reached XP level 1. HP: 14/14 MP: 1/1
   287 | D:1      | Reached XP level 2. HP: 17/19 MP: 2/2
   763 | D:2      | Found a white marble altar of Elyvilon.
   854 | D:2      | Reached XP level 3. HP: 23/24 MP: 3/3
  1114 | D:2      | Identified the +10 whip "Conservator" {vorpal, rF++ rC-
                  | Int+5}
  1115 | D:2      | Noticed Jessica
  1120 | D:2      | Mangled by a hobgoblin

Illustrated notes

Levels and vault maps discovered:
D:1:      tarquinn_simple_flora_water_d, layout_basic
D:2:      layout_basic, basic_altar, chequers_serial_rivers_large_b,
          st_stairs_12, uniq_jessica, uniq_robin

Skill      XL: |  1  2 |
---------------+-------+-----
Axes           | 2 |  2.3
Fighting       | |  3.8
Armour         | |  3.6
Shields        | |  3.7

Action                   || total
-------------------------++-------
Melee: War axe           ||    85
  Use: Scroll            ||     4
Armor: Scale mail        ||    48
Dodge: Dodged            ||    48
Block: Buckler           ||    19

Table legend: (Time is in decaauts)
 A = Elapsed time spent in this place.
 B = Non-inter-level travel time spent in this place.
 C = Inter-level travel time spent in this place.
 D = Time resting spent in this place.
 E = Time spent auto-exploring this place.
 F = Levels seen in this place.
 G = Mean time per level.
                   A        B        C        D        E       F      G
               +--------+--------+--------+--------+--------+-----+--------+
         Total |   1157 |   1123 |     34 |      0 |    872 |   2 |  578.5 |
       Dungeon |   1157 |   1123 |     34 |      0 |    872 |   2 |  578.5 |
               +--------+--------+--------+--------+--------+-----+--------+

Top non-repeatable levels by time:
     D:1: 781 daAuts
     D:2: 375 daAuts
